 Dungeon Crawl Stone Soup version 0.21.1-1-g345015fe64 (webtiles) character file.

12482 Oravi the Martial Artist (level 11, -2/90 HPs)
             Began as a Merfolk Transmuter on Apr 28, 2018.
             Was an Elder of Dithmenos.
             Slain by a five-headed hydra (8 damage)
             ... on level 3 of the Lair of Beasts.
             The game lasted 01:18:26 (15850 turns).

Oravi the Martial Artist (Merfolk Transmuter)      Turns: 15850, Time: 01:18:27

Health: -2/90      AC:  7    Str: 11    XL:     11   Next: 94%
Magic:  23/24      EV: 14    Int: 16    God:    Dithmenos [****..]
Gold:   663        SH:  0    Dex: 16    Spells: 2/16 levels left

rFire    x . .     SeeInvis .     - Unarmed
rCold    + + +     Gourm    .   (shield currently unavailable)
rNeg     . . .     Faith    .   (armour currently unavailable)
rPois    +         Spirit   .   (helmet currently unavailable)
rElec    .         Reflect  .   (cloak currently unavailable)
rCorr    .         Harm     .   (gloves currently unavailable)
MR       .....                  (boots currently unavailable)
Stlth    +++++.....             i - amulet of magic regeneration
HPRegen  0.25/turn              j - ring of magical power
MPRegen  0.44/turn              g - ring of wizardry

@: ice-form, wreathed by umbra
A: large, (change form in water), (swift swim), (stealthy swim), thin skeletal
structure 1
a: End Transformation, Shadow Step, Renounce Religion


You were on level 3 of the Lair of Beasts.
You worshipped Dithmenos.
Dithmenos was greatly pleased with you.
You were very hungry.
You were a creature of crystalline ice.
You visited 3 branches of the dungeon, and saw 16 of its levels.

You collected 753 gold pieces.
You spent 90 gold pieces at shops.

Inventory:

Missiles
 a - 106 arrows
 h - 392 stones
 n - 4 steel javelins
 o - 5 throwing nets
 t - 24 tomahawks (quivered)
 B - 12 javelins
Armour
 b - a +1 robe (melded)
 s - a +0 helmet (melded)
 E - the +1 leather armour of Makhleb's Regard {rF+}
   (You found it on level 7 of the Dungeon)

   It protects you from fire.
 G - a +0 pair of gloves (melded)
 N - a +0 leather armour of cold resistance
Magical Staves
 A - an uncursed staff of summoning
Jewellery
 g - a ring of wizardry (right front paw)
 i - an amulet of magic regeneration (around neck)
 j - a ring of magical power (left front paw)
 u - a +4 amulet of reflection
 D - an uncursed ring of resist corrosion
 J - an uncursed ring of ice
 R - an uncursed ring of positive energy {unknown}
Wands
 m - a wand of scattershot (6)
 K - a wand of iceblast (12)
 O - a wand of paralysis (15)
Scrolls
 e - 4 scrolls of enchant armour
 f - 6 scrolls of teleportation
 q - 3 scrolls of amnesia
 w - 7 scrolls of remove curse
 y - 3 scrolls of enchant weapon
 H - 5 scrolls of identify
 I - 3 scrolls of fog
 M - 2 scrolls of magic mapping
 P - a scroll of random uselessness {unknown}
 Q - a scroll of fear
 T - a scroll of silence {unknown}
Potions
 k - 2 potions of lignification
 l - 4 potions of flight
 p - a potion of ambrosia
 r - 3 potions of agility
 x - a potion of haste {unknown}
 z - 2 potions of invisibility {unknown}
 C - a potion of resistance
 L - 5 potions of curing
Books
 c - a book of Changes

   Spells                             Type                      Level
   a - Beastly Appendage              Transmutation                1
   b - Sticks to Snakes               Transmutation                2
   c - Spider Form                    Transmutation/Poison         3
   d - Ice Form                       Ice/Transmutation            4
   e - Blade Hands                    Transmutation                5
 F - a book of Frost

   Spells                             Type                      Level
   a - Freeze                         Ice                          1
   b - Throw Frost                    Conjuration/Ice              2
   c - Ozocubu's Armour               Charms/Ice                   3
   d - Throw Icicle                   Conjuration/Ice              4
   e - Summon Ice Beast               Ice/Summoning                4
 S - a book of Power

   Spells                             Type                      Level
   a - Iskenderun's Battlesphere      Conjuration/Charms           5
   b - Venom Bolt                     Conjuration/Poison           5
   c - Bolt of Magma                  Conjuration/Fire/Earth       5
   d - Iron Shot                      Conjuration/Earth            6
   e - Orb of Destruction             Conjuration                  7
   f - Spellforged Servitor           Conjuration/Summoning        7
 U - a book of Maledictions

   Spells                             Type                      Level
   a - Corona                         Hexes                        1
   b - Ensorcelled Hibernation        Hexes/Ice                    2
   c - Confuse                        Hexes                        3
   d - Tukima's Dance                 Hexes                        3
   e - Dazzling Spray                 Conjuration/Hexes            3
Comestibles
 d - 11 rations


   Skills:
 + Level 3.0 Fighting
 + Level 6.5 Dodging
 * Level 4.1 Stealth
 * Level 14.6 Unarmed Combat
 + Level 3.0 Spellcasting
 * Level 11.5 Transmutations
 * Level 5.8 Ice Magic
 - Level 3.0 Poison Magic


You had 2 spell levels left.
You knew the following spells:

 Your Spells              Type           Power        Failure   Level  Hunger
a - Spider Form           Tmut/Pois      ####......   1%          3    ###....
b - Ice Form              Ice/Tmut       ####....     2%          4    #####..
c - Blade Hands           Tmut           #####.....   1%          5    ######.
d - Sticks to Snakes      Tmut           #####...     1%          2    ##.....


Dungeon Overview and Level Annotations

Branches:
Dungeon (12/15)            Temple (1/1) D:4            Lair (3/6) D:8
    Orc (0/2) D:9
  Swamp: Lair:2-4    Shoals: Lair:2-4     Snake: Lair:2-4    Spider: Lair:2-4

Altars:
Ashenzari
Cheibriados
Dithmenos
Elyvilon
Fedhas
Gozag
Hepliaklqana
Kikubaaqudgha
Makhleb
Nemelex Xobeh
Okawaru
Qazlal
Ru
Sif Muna
Trog
Uskayaw
Vehumet
Wu Jian
Xom
Yredelemnul
Zin
The Shining One

Shops:
D:6 ?*

Annotations:
D:3 htuhola's ghost, amateur DrIE
D:9 exclusion: orange crystal statue
D:12 Josephine; Oravi's ghost, journeyman MfTm; Sonja


Innate Abilities, Weirdness & Mutations

((You revert to your normal form in water.))
((You are very nimble and swift while swimming.))
((You are very stealthy in the water. (Stealth+)))
You have a somewhat thin skeletal structure. (Dex +2, Stealth)


Message History

The five-headed hydra is no longer moving slowly.
You hit the five-headed hydra. You freeze the five-headed hydra.
The five-headed hydra is severely wounded.
The five-headed hydra bites you but does no damage. x2
The five-headed hydra misses you. The five-headed hydra bites you.
The five-headed hydra bites you!
You are too injured to fight recklessly!
You feel much better. The five-headed hydra bites you.
The five-headed hydra bites you! x2
* * * LOW HITPOINT WARNING * * *
The five-headed hydra bites you!
* * * LOW HITPOINT WARNING * * *
The five-headed hydra bites you!
* * * LOW HITPOINT WARNING * * *
You feel much better.
The five-headed hydra closely misses you.
The five-headed hydra misses you. The five-headed hydra bites you!!
* * * LOW HITPOINT WARNING * * *
The five-headed hydra bites you!
You die...

#.P........
#.........#
.#.........
#..........
##.##...##.
.#......##
######
#........#
##..<.###
#..._...##
##.......##
##.......#
#..Y.⌠....#
.#.....###
#..D#####....#
#....### #....
#.... .......#
#...## #...
#.......# #...
...
....#P.......
..
....##..#⌠..
...## #.+...
...# ..#.


You could see a five-headed hydra.

Vanquished Creatures
  Urug (D:11)
  The ghost of Ivernyr the Protected, a novice DsSk of Nemelex Xobeh (D:9)
  An ugly thing (D:11)
  2 black mambas (Lair:2)
  Joseph (D:9)
  2 spiny frogs
  Maurice (D:11)
  A komodo dragon (Lair:2)
  2 trolls
  Grinder (D:3)
  A hornet (D:10)
  4 hippogriffs
  A vampire (D:11)
  4 yaks (D:11)
  2 wraiths
  2 wyverns
  2 hungry ghosts
  Eustachio (D:6)
  4 water moccasins (Lair:1)
  A porcupine (Lair:1)
  3 orc warriors
  A sky beast (D:9)
  2 black bears
  2 ice beasts
  6 ogres
  6 wolves (Lair:1)
  3 centaurs
  2 phantoms
  3 crocodiles
  A big kobold (D:8)
  5 bullfrogs
  A wyvern skeleton (D:8)
  4 scorpions
  3 wights (D:9)
  An electric eel (Lair:1)
  A howler monkey (D:10)
  6 crimson imps
  7 hounds
  3 jellies
  5 orc wizards
  4 orc priests
  3 centaur skeletons
  A bullfrog skeleton (D:6)
  Terence (D:3)
  Natasha (thrice) (D:4)
  10 worker ants
  A killer bee zombie (D:7)
  A howler monkey zombie (D:10)
  A worker ant zombie (D:6)
  Robin (D:2)
  11 gnolls
  9 adders
  4 shadow imps
  An adder zombie (D:9)
  An adder skeleton (D:7)
  2 dart slugs
  3 leopard geckos
  31 orcs
  3 ball pythons
  8 bats
  5 giant cockroaches
  17 goblins
  9 hobgoblins
  12 jackals
  2 quokkas
  6 frilled lizards
  7 kobolds
  A quokka skeleton (D:4)
  A quokka zombie (D:5)
  5 rats
264 creatures vanquished.

Vanquished Creatures (others)
  A fungus (Lair:2)
1 creature vanquished.

Grand Total: 265 creatures vanquished

Notes
Turn   | Place    | Note
-------+----------+-------------------------------------------
     0 | D:1      | Oravi the Merfolk Transmuter began the quest for the Orb.
     0 | D:1      | Reached XP level 1. HP: 15/15 MP: 3/3
   374 | D:1      | Reached XP level 2. HP: 19/21 MP: 3/5
   927 | D:2      | Found a sacrificial altar of Ru.
  1103 | D:2      | Found Zin's Purification Station.
  1241 | D:2      | Found a glowing silver altar of Zin.
  1301 | D:2      | Reached XP level 3. HP: 25/26 MP: 4/6
  1305 | D:2      | Learned a level 2 spell: Sticks to Snakes
  1309 | D:2      | Learned a level 3 spell: Spider Form
  1392 | D:2      | Noticed Robin
  1399 | D:2      | Reached skill level 4 in Unarmed Combat
  1404 | D:2      | Killed Robin
  1420 | D:2      | Reached XP level 4. HP: 16/32 MP: 4/7
  1637 | D:2      | Found a basalt altar of Yredelemnul.
  2055 | D:2      | You fall through a shaft!
  2067 | D:3      | Found a hazy altar of Hepliaklqana.
  2067 | D:3      | Found a shimmering altar of Xom.
  2067 | D:3      | Found a faded altar of an unknown god.
  2078 | D:3      | Found a faded altar of an unknown god.
  2098 | D:3      | Found a radiant altar of Vehumet.
  2098 | D:3      | Noticed Terence
  2108 | D:3      | Killed Terence
  2108 | D:3      | Reached skill level 1 in Poison Magic
  2247 | D:3      | Reached XP level 5. HP: 34/37 MP: 4/8
  2689 | D:3      | Noticed htuhola's ghost (amateur DrIE)
  2800 | D:2      | Gained mutation: You are clumsy. (Dex -2) [potion of mutation]
  2800 | D:2      | Gained mutation: You evolve. [potion of mutation]
  2800 | D:2      | Gained mutation: You have a somewhat thin skeletal structure. (Dex +2, Stealth) [potion of mutation]
  2854 | D:3      | Reached skill level 5 in Unarmed Combat
  2877 | D:3      | Reached skill level 5 in Transmutations
  3495 | D:3      | Noticed Grinder
  3509 | D:3      | Paralysed by Grinder for 6 turns
  3526 | D:3      | Paralysed by Grinder for 6 turns
  3538 | D:3      | Killed Grinder
  3538 | D:3      | Reached skill level 6 in Unarmed Combat
  3538 | D:3      | Reached XP level 6. HP: 2/44 MP: 6/9
  4011 | D:3      | Reached XP level 7. HP: 45/50 MP: 6/10
  4119 | D:4      | Found a staircase to the Ecumenical Temple.
  4132 | Temple   | Entered the Ecumenical Temple
  4319 | Temple   | Became a worshipper of Dithmenos the Shadowed
  4408 | D:4      | Found a shattered altar of Ashenzari.
  4489 | D:4      | Noticed a fire elemental
  4491 | D:4      | Found a stormy altar of Qazlal.
  4491 | D:4      | Noticed Natasha
  4495 | D:4      | Noticed an air elemental
  4496 | D:4      | Noticed a water elemental
  4503 | D:4      | Killed Natasha
  4541 | D:4      | Noticed Natasha
  4548 | D:4      | Killed Natasha
  4617 | D:4      | Reached skill level 7 in Unarmed Combat
  4761 | D:4      | Found a hide-covered altar of Uskayaw.
  4967 | D:4      | Reached XP level 8. HP: 48/56 MP: 11/11
  5013 | D:4      | Noticed Natasha
  5022 | D:4      | Killed Natasha
  5347 | D:4      | Found a bloodstained altar of Trog.
  5485 | D:5      | Entered Level 5 of the Dungeon
  5492 | D:5      | Reached skill level 8 in Unarmed Combat
  5692 | D:4      | Learned a level 4 spell: Ice Form
  5815 | D:5      | Reached * piety under Dithmenos
  5837 | D:5      | Found an ornate altar of the Wu Jian Council.
  6112 | D:6      | Reached skill level 1 in Ice Magic
  6278 | D:6      | Reached skill level 9 in Unarmed Combat
  6386 | D:6      | Found Posiumej's Magic Scroll Boutique.
  6703 | D:6      | Reached XP level 9. HP: 48/61 MP: 12/12
  6822 | D:6      | Noticed Eustachio
  6952 | D:6      | Killed Eustachio
  7110 | D:6      | Found Bapomupt's Elemental Accessories.
  7211 | D:6      | Found a glowing golden altar of the Shining One.
  7380 | D:7      | Lost mutation: You are clumsy. (Dex -2) [evolution]
  7380 | D:7      | Lost mutation: You evolve. [end of evolution]
  7439 | D:7      | Reached skill level 10 in Unarmed Combat
  7485 | D:7      | Reached ** piety under Dithmenos
  7563 | D:7      | Found an ancient bone altar of Kikubaaqudgha.
  7785 | D:7      | Got a bronze leather armour
  7786 | D:7      | Identified the +1 leather armour of Makhleb's Regard {rF+} (You found it on level 7 of the Dungeon)
  8518 | D:8      | Reached skill level 11 in Unarmed Combat
  8682 | D:8      | Found a staircase to the Lair.
  9272 | D:9      | Noticed a troll
  9277 | D:9      | Noticed Ivernyr's ghost (novice DsSk)
  9367 | D:9      | Killed a troll
  9367 | D:9      | Reached XP level 10. HP: 11/68 MP: 13/13
  9654 | D:9      | Reached skill level 10 in Transmutations
  9691 | D:9      | Killed Ivernyr's ghost
  9691 | D:9      | Reached skill level 12 in Unarmed Combat
 10128 | D:9      | Reached skill level 5 in Dodging
 10244 | D:9      | Noticed Joseph
 10477 | D:9      | Found a staircase to the Orcish Mines.
 10529 | D:9      | Reached *** piety under Dithmenos
 10568 | D:9      | Killed Joseph
 10863 | D:9      | Noticed an orange crystal statue
 10890 | D:10     | Entered Level 10 of the Dungeon
 10899 | D:10     | Reached skill level 1 in Stealth
 11589 | D:10     | Reached skill level 13 in Unarmed Combat
 12015 | D:2      | Bought a potion of curing for 90 gold pieces
 12362 | D:11     | Reached XP level 11. HP: 74/74 MP: 14/14
 12498 | D:11     | Noticed Urug
 12506 | D:11     | Killed Urug
 12533 | D:11     | Noticed Maurice
 12539 | D:11     | Killed Maurice
 12840 | D:11     | Reached skill level 5 in Ice Magic
 12847 | D:11     | Learned a level 5 spell: Blade Hands
 13445 | D:11     | Noticed a purple ugly thing
 13472 | D:11     | Killed a purple ugly thing
 13576 | D:12     | Noticed Sonja
 13586 | D:12     | Noticed Oravi's ghost (journeyman MfTm)
 13781 | D:12     | Found a snail-covered altar of Cheibriados.
 13781 | D:12     | Noticed Josephine
 13781 | D:12     | Noticed a deep elf mage
 13872 | Lair:1   | Entered Level 1 of the Lair of Beasts
 13969 | Lair:1   | Reached skill level 14 in Unarmed Combat
 15222 | Lair:2   | Reached **** piety under Dithmenos
 15679 | Lair:3   | Found a burning altar of Makhleb.
 15842 | Lair:3   | Noticed a five-headed hydra
 15849 | Lair:3   | HP: 2/90 [five-headed hydra (11)]
 15850 | Lair:3   | Slain by a five-headed hydra

Skill      XL: |  1  2  3  4  5  6  7  8  9 10 11 |
---------------+----------------------------------+-----
Transmutations | 3 4 5 7 8 9 10 11 | 11.5
Dodging        | 3 4 5 6 |  6.5
Unarmed Combat | 4 6 7 9 11 13 14 | 14.6
Poison Magic   | 1 2 3 |  3.0
Fighting       | 2 3 |  3.0
Ice Magic      | 1 3 4 5 |  5.8
Stealth        | 2 4 |  4.1
Spellcasting   | 3 |  3.0

Action                   |  1- 3 |  4- 6 |  7- 9 | 10-12 || total
-------------------------+-------+-------+-------+-------++-------
Melee: Unarmed           |    65 |   121 |   345 |   296 ||   827
       Headbutt          |     8 |       |       |       ||     8
       Punch             |     1 |       |     1 |     1 ||     3
Throw: Stone             |    26 |     9 |       |       ||    35
       Javelin           |    23 |    15 |       |       ||    38
       Tomahawk          |       |    21 |    37 |       ||    58
 Cast: Beastly Appendage |    16 |     2 |       |       ||    18
       Spider Form       |     1 |    18 |    58 |    22 ||    99
       Sticks to Snakes  |       |       |     4 |       ||     4
       Ice Form          |       |       |       |    14 ||    14
       Blade Hands       |       |       |       |     2 ||     2
 Abil: End Transformatio |       |     1 |     1 |     1 ||     3
  Use: Scroll            |       |    10 |     8 |     5 ||    23
       Potion            |       |     3 |       |     6 ||     9
 Stab: Sleeping          |       |       |     2 |     9 ||    11
       Distracted        |       |       |       |     1 ||     1
  Eat: Chunk             |     2 |    10 |    18 |    16 ||    46
       Ration            |       |       |     2 |     3 ||     5
Armor: Robe              |     9 |     7 |     6 |       ||    22
       Skin              |       |     8 |     9 |    13 ||    30
Dodge: Dodged            |    42 |   112 |   309 |   207 ||   670
